 Dungeon Crawl Stone Soup version 0.27-a0-1548-gf8a67e7463 (webtiles) character file.

Game seed: 16638172390503957667

778 Spaninq the Covert (level 7, 0/36 HPs)
             Began as a Vampire Enchanter on July 13, 2021.
             Slain by a phantom (1 damage)
             ... on level 5 of the Dungeon.
             The game lasted 00:15:02 (5004 turns).

Spaninq the Covert (Vampire Enchanter)              Turns: 5004, Time: 00:15:03

Health: 0/36       AC:  3    Str:  7    XL:     7   Next: 54%
Magic:  10/12      EV: 13    Int: 19    God:
Gold:   167        SH:  0    Dex: 15    Spells: 8/13 levels left

rFire    . . .     SeeInvis +   c - +1 dagger (venom)
rCold    + + .     Faith    .   (no shield)
rNeg     + + +     Spirit   .   b - +1 robe
rPois    ∞         Reflect  .   (no helmet)
rElec    .         Harm     .   (no cloak)
rCorr    .         Rampage  .   (no gloves)
Will     .....                  (no boots)
Stlth    ++++++....             e - amulet of magic regeneration
HPRegen  0.00/turn              (no ring)
MPRegen  0.38/turn              (no ring)

@: confusing by touch, bloodless
A: bloodless, fangs 3, see invisible, vampiric 2
a: Bat Form, Revivify


You were on level 5 of the Dungeon.
You visited 2 branches of the dungeon, and saw 6 of its levels.

You collected 167 gold pieces.

Inventory:

Hand Weapons
 c - a +1 dagger of venom (weapon)
Armour
 b - a +1 robe (worn)
 d - a +0 buckler
Jewellery
 a - an amulet of reflection
 e - an amulet of magic regeneration (around neck)
Scrolls
 f - a scroll of identify
 g - 4 scrolls of teleportation
 o - a scroll of enchant armour
 t - a scroll of fog
Potions
 h - 2 potions of brilliance
 n - a potion of berserk rage {unknown}
 r - a potion of heal wounds {unknown}
 s - 2 potions of haste


   Skills:
 + Level 3.7 Short Blades
 + Level 4.3 Dodging
 * Level 8.9 Stealth
 + Level 3.7 Spellcasting
 + Level 6.5 Hexes


You had 8 spell levels left.
You knew the following spells:

 Your Spells              Type           Power      Damage    Failure   Level
b - Ensorcelled Hibernat  Hex/Ice        30%        N/A       5%          2
c - Confusing Touch       Hex            28%        N/A       3%          3

Your spell library contained the following spells:

 Spells                   Type           Power      Damage    Failure   Level
 Corona                   Hex            31%        N/A       1%          1
 Tukima's Dance           Hex            28%        N/A       3%          3
 Dazzling Flash           Conj/Hex       30%        N/A       11%         3


Dungeon Overview and Level Annotations

Branches:
Dungeon (5/15)             Temple (1/1) D:4

Altars:
Ashenzari
Cheibriados
Elyvilon
Fedhas
Gozag
Hepliaklqana
Kikubaaqudgha
Makhleb
Nemelex Xobeh
Ru
Trog
Uskayaw
Vehumet
Wu Jian
Xom
Zin

Annotations:
D:4 1 runed translucent door, dolemite99's ghost, amateur MfGl


Innate Abilities, Weirdness & Mutations

You do not regenerate when monsters are visible.
You are frail without blood (-20% HP).
You can heal yourself when you bite living creatures.
You are immune to poison.
You have razor-sharp teeth.
You have supernaturally acute eyesight. (SInv)
You are afflicted with vampirism and can become a bat while bloodless.


Message History

You hit the phantom but do no damage.
The phantom is almost destroyed.
The phantom hits you but does no damage.
You hit the phantom but do no damage.
The phantom is almost destroyed.
The phantom barely misses you.
You completely miss the phantom.
The phantom is almost destroyed.
The phantom barely misses you.
You hit the phantom but do no damage.
The phantom is almost destroyed.
The phantom barely misses you.
You hit the phantom but do no damage.
The phantom is almost destroyed.
You hit the phantom but do no damage.
The phantom is almost destroyed.
The phantom hits you.
* * * LOW HITPOINT WARNING * * *
The phantom blinks!
You blink.
You hit the phantom but do no damage.
The phantom is almost destroyed.
You hit the phantom.
The phantom is almost destroyed.
The phantom completely misses you.
You barely miss the phantom.
The phantom is almost destroyed.
The phantom seems less confused.
The phantom hits you.
* * * LOW HITPOINT WARNING * * *
The phantom hits you but does no damage.
Casting: Confusing Touch (dangerous; 3% risk of failure)
Confirm with . or Enter, or press ? or * to list all spells.
Your hands begin to glow red.
The phantom hits you.
* * * LOW HITPOINT WARNING * * *
The phantom blinks!
You blink.
You barely miss the phantom. Your bite misses the phantom.
The phantom is almost destroyed.
You hit the phantom but do no damage. You bite the phantom, but do no damage.
The phantom is almost destroyed.
The phantom hits you.
You die...

.,,##....####......<...#
*#..####.##............#****
*#......§§.............,,,**
#####.###.............,,,,**
*****#..##..............,,,,,*
,,,,...##...............,,,,,*
***#####.......$........,,,,,*
,,,*##*#.#......W...........h*
,,,,...#.#......@............*
***,.#S.<...................#*
,,,,...............#.........*
,,**##.###...........>......(*
*** #.**#...................*
#................)......*
#####...................*
#..........#.......#*
##....(...###.....##


You could see a phantom.

Vanquished Creatures
  2 ogres (D:5)
  A centaur (D:5)
  Blork the orc (D:4)
  A scorpion (D:4)
  A hound (D:4)
  An orc priest (D:4)
  3 iguanas
  A hound zombie (D:5)
  3 hound skeletons
  6 adders
  6 gnolls
  An adder skeleton (D:4)
  3 worms (D:2)
  A dart slug (D:3)
  9 orcs
  2 bats
  7 endoplasms
  4 giant cockroaches
  8 goblins
  10 hobgoblins
  3 jackals
  4 quokkas
  3 ball pythons
  3 frilled lizards
  5 kobolds
  A rat (D:1)
90 creatures vanquished.

Vanquished Creatures (others)
  2 withered plants (D:4)
2 creatures vanquished.

Grand Total: 92 creatures vanquished

Notes
Turn   | Place    | Note
-------+----------+-------------------------------------------
     0 | D:1      | Spaninq the Vampire Enchanter began the quest for the Orb.
     0 | D:1      | Reached XP level 1. HP: 13/13 MP: 3/3
   258 | D:1      | Reached XP level 2. HP: 15/15 MP: 5/5
   277 | D:1      | Learned a level 2 spell: Ensorcelled Hibernation
   791 | D:2      | Reached skill level 5 in Stealth
   930 | D:2      | Gained mutation: You are afflicted with vampirism and can
                  | become a bat while bloodless. [Vampire growth]
   930 | D:2      | Reached XP level 3. HP: 19/19 MP: 3/6
  1078 | D:2      | Learned a level 3 spell: Confusing Touch
  1231 | D:2      | Reached skill level 5 in Hexes
  1231 | D:2      | Reached XP level 4. HP: 24/24 MP: 7/7
  1809 | D:3      | Reached skill level 6 in Stealth
  2146 | D:3      | Found a burning altar of Makhleb.
  2244 | D:3      | Found a faded altar of an unknown god.
  2755 | D:3      | Reached XP level 5. HP: 28/28 MP: 7/9
  3017 | D:4      | Noticed Blork the orc
  3022 | D:4      | Killed Blork the orc
  3023 | D:4      | Reached skill level 7 in Stealth
  3046 | D:4      | Reached XP level 6. HP: 27/32 MP: 10/10
  3597 | D:4      | Found a sacrificial altar of Ru.
  3665 | D:4      | Found a staircase to the Ecumenical Temple.
  3673 | Temple   | Entered the Ecumenical Temple
  4187 | D:4      | Found a runed translucent door.
  4189 | D:4      | Noticed dolemite99's ghost (amateur MfGl)
  4482 | D:5      | Entered Level 5 of the Dungeon
  4494 | D:5      | Reached skill level 8 in Stealth
  4494 | D:5      | Reached XP level 7. HP: 36/36 MP: 9/12
  4709 | D:5      | Found an ornate altar of the Wu Jian Council.
  5002 | D:5      | HP: 1/36 [phantom (3)]
  5004 | D:5      | Slain by a phantom

Illustrated notes

Levels and vault maps discovered:
D:1:      mrwooster_arrival_statue, layout_loops_ring
D:2:      layout_basic
D:3:      layout_loops_corners, mainiacjoe_overflow_concentric_impassable,
          mainiacjoe_overflow_six_doors_small,
          shapermc_ecumenical_altar_totnotflames
D:4:      layout_basic, mainiacjoe_overflow_brackets,
          minmay_temple_entry_glassed_door, gammafunk_ghost_grave,
          grunt_decor_fettered, minmay_pentangle, uniq_blork_the_orc
D:5:      layout_rooms, nicolae_wu_jian_wuxing_cycle
Temple:   minmay_temple_forest_path

Skill      XL: |  1  2  3  4  5  6 |
---------------+-------------------+-----
Stealth        | 5 6 7 8 |  8.9
Short Blades   | 2 3 |  3.7
Hexes          | 5 6 |  6.5
Dodging        | 3 4 |  4.3
Spellcasting   | 3 |  3.7

Action                   |  1- 3 |  4- 6 |  7- 9 || total
-------------------------+-------+-------+-------++-------
Melee: Dagger            |    47 |    70 |    40 ||   157
       Bite              |     5 |       |     4 ||     9
 Cast: Ensorcelled Hiber |    19 |    33 |     5 ||    57
       Confusing Touch   |       |       |     5 ||     5
 Abil: Exsanguinate      |     1 |       |       ||     1
       End Transformatio |       |     1 |       ||     1
       Bat Form          |       |     1 |       ||     1
  Use: Scroll            |       |       |    14 ||    14
 Stab: Sleeping          |    22 |    53 |     4 ||    79
       Distracted        |       |     1 |       ||     1
       Confused          |       |       |     4 ||     4
Armor: Robe              |    18 |     3 |     3 ||    24
Dodge: Dodged            |    27 |    23 |    18 ||    68

Table legend: (Time is in decaauts)
 A = Elapsed time spent in this place.
 B = Non-inter-level travel time spent in this place.
 C = Inter-level travel time spent in this place.
 D = Time resting spent in this place.
 E = Time spent auto-exploring this place.
 F = Levels seen in this place.
 G = Mean time per level.
                   A        B        C        D        E       F      G
               +--------+--------+--------+--------+--------+-----+--------+
         Total |   4958 |   4688 |    270 |    455 |   3292 |   6 |  826.3 |
       Dungeon |   4554 |   4336 |    218 |    455 |   2942 |   5 |  910.8 |
        Temple |    403 |    351 |     52 |      0 |    350 |   1 |  403.0 |
               +--------+--------+--------+--------+--------+-----+--------+

Top non-repeatable levels by time:
     D:4: 1241 daAuts
     D:3: 1146 daAuts
     D:2: 1004 daAuts
     D:1: 776 daAuts
  Temple: 403 daAuts
     D:5: 385 daAuts
